AoeStats
← eloycorsob

Arena

509341930Analyzed
4v4 RM · 7d ago on Sep 26, 2026· 56m 3s· 8 players
Game mode
Random Map
Map size
Large (8 player)
Population
200
Speed
Normal
Resources
Standard
Victory
Conquest
Starting age
Dark Age
Ending age
Imperial Age
RankedLock teamsTeams togetherTeam positionsShared explorationLock speedFull tech treeHidden civsTurbo modeCheats
Victory
Defeat
🇫🇮 Poles · Finland
743
+10
🇫🇮 Saxons · Finland
738
+10
🇫🇮 Danes · Finland
719
+11
🇫🇮 Varangians · Finland
631
+15
🇦🇺 Huns · Australia
639
-13
🇪🇸 Turks · Spain
613
-12
🇮🇹 Teutons · Italy
583
-11
🇨🇳 Georgians · China
560
-10
raging tom
2:20 Loom
12:55 Feudal Age
16:08 Wheelbarrow
15:22 Double-Bit Axe
15:51 Horse Collar
16:08 Gold Mining
16:08 Stone Mining
18:59 Castle Age
19:50 Bow Saw
23:03 Hand Cart
22:51 Heavy Plow
26:40 Gold Shaft Mining
26:47 Town Watch
27:59 Town Patrol
28:28 Scale Barding Armor
32:18 Husbandry
32:28 Bloodlines
32:57 Chain Barding Armor
32:48 Forging
33:27 Marauders
33:32 Scale Mail Armor
37:28 Imperial Age
36:18 Iron Casting
38:46 Conscription
40:39 Blast Furnace
40:15 Plate Barding Armor
39:20 Cavalier
39:38 Elite Tarkan
41:56 Paladin
44:46 Heavy Cavalry Archer
45:51 Parthian Tactics
46:15 Caravan
gp.infostudio
12:04 Feudal Age
12:32 Double-Bit Axe
12:30 Horse Collar
19:55 Castle Age
20:09 Forging
20:00 Scale Mail Armor
22:12 Iron Casting
21:53 Chain Mail Armor
21:17 Man-at-Arms
21:17 Pikeman
21:59 Squires
花鱼
12:36 Feudal Age
13:55 Wheelbarrow
15:39 Double-Bit Axe
15:48 Gold Mining
21:04 Stone Mining
23:20 Castle Age
24:16 Hand Cart
23:28 Pikeman
24:43 Bow Saw
26:14 Squires
34:20 Horse Collar
35:37 Stone Shaft Mining
35:50 Scale Barding Armor
35:47 Scale Mail Armor
36:00 Forging
35:15 Elite Skirmisher
42:06 Imperial Age
43:51 Halberdier
eloycorsob
0:45 Loom
12:35 Feudal Age
14:03 Wheelbarrow
14:59 Stone Mining
15:02 Double-Bit Axe
15:00 Horse Collar
15:39 Gold Mining
15:44 Stone Mining
16:08 Town Watch
22:55 Castle Age
24:39 Hand Cart
25:48 Bow Saw
29:13 Imperial Age
29:22 Imperial Age
27:10 Hand Cart
27:02 Heavy Plow
28:07 Caravan
30:44 Gold Shaft Mining
32:29 Padded Archer Armor
33:11 Ballistics
35:02 Sipahi
35:16 Parthian Tactics
35:14 Thumb Ring
37:23 Squires
37:09 Arson
45:35 Heavy Cavalry Archer
47:30 Two-Man Saw
47:59 Leather Archer Armor
47:35 Fletching
47:55 Forging
47:45 Scale Mail Armor
47:51 Scale Barding Armor
51:18 Masonry
51:04 Murder Holes
51:22 Fortified Wall
50:54 Treadmill Crane
52:04 Artillery
Eemi8
11:12 Feudal Age
11:55 Double-Bit Axe
17:59 Castle Age
16:21 Gold Mining
16:26 Arson
17:11 Fletching
19:21 Bow Saw
19:13 Squires
24:42 Horse Collar
27:44 Wheelbarrow
31:49 Imperial Age
31:07 Scale Mail Armor
31:18 Forging
34:23 Conscription
33:46 Capped Ram
35:06 Hamask
40:44 Elite Skirmisher
48:47 Elite Jomsviking
Juha Wrekter
12:40 Feudal Age
13:26 Double-Bit Axe
13:23 Horse Collar
19:46 Castle Age
18:41 Stone Mining
21:08 Squires
25:08 Bow Saw
28:04 Heavy Plow
29:08 Wheelbarrow
35:15 Imperial Age
33:01 Gold Mining
34:32 Forging
34:28 Scale Barding Armor
35:27 Hand Cart
36:34 Conscription
36:43 Arson
37:15 Bloodlines
37:06 Husbandry
38:20 Chain Barding Armor
38:37 Iron Casting
37:52 Fletching
39:47 Elite Jarl
40:31 Capped Ram
41:34 Gothikon
41:40 Elite Varangian Guard
42:47 Scale Mail Armor
42:43 Bodkin Arrow
46:16 Vendel Legacy
55:05 Blast Furnace
Pyllynall3
6:27 Loom
12:00 Feudal Age
13:55 Double-Bit Axe
14:16 Horse Collar
17:46 Castle Age
16:49 Scale Mail Armor
19:35 Heavy Plow
21:55 Stone Mining
22:40 Squires
24:02 Wheelbarrow
25:36 Gold Mining
26:04 Caravan
27:04 Bow Saw
29:53 Hand Cart
34:46 Imperial Age
34:51 Chain Mail Armor
34:49 Padded Archer Armor
34:40 Arson
34:47 Gambesons
34:58 Elite Varangian Guard
36:48 Gold Shaft Mining
38:24 Pikeman
38:32 Shield Wall
40:01 Bloodlines
39:16 Light Cavalry
39:24 Elite Skirmisher
40:15 Thumb Ring
40:56 Conscription
43:35 Elite Hearth Troop
44:36 Capped Ram
47:18 Plate Mail Armor
54:18 Hussar
Pingu
11:15 Feudal Age
11:43 Double-Bit Axe
11:39 Horse Collar
18:39 Stone Mining
18:43 Gold Mining
21:02 Castle Age
19:48 Scale Barding Armor
20:53 Forging
21:13 Bloodlines
22:55 Chain Barding Armor
22:56 Husbandry
23:27 Bow Saw
23:00 Light Cavalry
27:04 Iron Casting
28:32 Heavy Plow
35:27 Imperial Age
34:04 Stone Shaft Mining
35:37 Capped Ram
36:05 Winged Hussar
37:51 Blast Furnace
38:06 Wheelbarrow
38:14 Siege Ram
53:29 Siege Engineers
54:30 Treadmill Crane
Connection lost

Rejoining the realm…

Still unreachable

The connection could not be restored.

Session expired

The server has moved on; the page needs a fresh start.